 Dungeon Crawl Stone Soup version 0.30-a0-857-gcaf70739d4 (webtiles) character file.

Game seed: 12857490087417910282

991 FallingFreak the Grasshopper (level 8, -4/61 HPs)
             Began as a Ghoul Warper on Mar 6, 2023.
             Was a Follower of Makhleb.
             Slain by an ogre
             ... wielding a +0 giant spiked club
              (24 damage)
             ... on level 6 of the Dungeon.
             The game lasted 00:43:22 (7314 turns).

FallingFreak the Grasshopper (Ghoul Warper)         Turns: 7314, Time: 00:43:23

Health: -4/61      AC: 14    Str: 15    XL:     8   Next: 18%
Magic:  9/13       EV: 10    Int: 10    God:    Makhleb [*.....]
Gold:   828        SH:  0    Dex:  8    Spells: 8/15 levels left

rFire   . . .      SeeInvis +    a - +0 demon whip (venom)
rCold   + . .      Faith    .    (no shield)
rNeg    + + +      Spirit   .    F - +0 ring mail
rPois   ∞          Reflect  .    (no helmet)
rElec   .          Rampage  .    (no cloak)
rCorr   .                        n - +0 pair of gloves
Will    .....                    k - +2 pair of boots Stlth
                                 s - amulet of regeneration {@P0}
HPRegen 0.00/turn                m - +4 ring of protection
MPRegen 0.13/turn                t - ring of see invisible

@: on blink cooldown, very slightly contaminated, inhibited regen
A: claws 1, cold resistance 1, negative energy resistance 3, inhibited
regeneration, torment resistance 2, devour on kill
a: Renounce Religion


You were on level 6 of the Dungeon.
You worshipped Makhleb.
Makhleb was aware of your devotion.
You visited 2 branches of the dungeon, and saw 7 of its levels.

You collected 828 gold pieces.

Inventory:

Hand Weapons
 a - a +0 demon whip of venom (weapon)
 b - a +0 lajatang
 p - a +0 whip of flaming
 u - a +0 war axe
Missiles
 d - 4 boomerangs of dispersal {!f}
 j - 36 stones
 D - a boomerang (quivered)
Armour
 k - a +2 pair of boots (worn)
 n - a +0 pair of gloves (worn)
 o - a +0 leather armour
 q - a +0 scale mail
 E - a +0 chain mail
 F - a +0 ring mail (worn)
Jewellery
 m - a +4 ring of protection (left hand)
 s - an amulet of regeneration (around neck) {@P0}
 t - a ring of see invisible (right hand)
Wands
 M - a wand of mindburst (12)
Scrolls
 c - 4 scrolls of enchant weapon
 f - a scroll of blinking
 g - 4 scrolls of teleportation
 v - a scroll of noise {@r4}
 w - a scroll of enchant armour {unknown}
 y - 2 scrolls of fog
 B - a scroll of brand weapon {unknown}
 C - 2 scrolls of fear {unknown}
 H - a scroll of immolation
Potions
 e - 5 potions of curing {unknown}
 h - 2 potions of lignification {unknown}
 i - 2 potions of cancellation {unknown}
 l - a potion of attraction {unknown}
 x - a potion of brilliance {unknown}
 z - a potion of invisibility {unknown}
 A - a potion of flight {unknown}


   Skills:
 - Level 2.1 Fighting
 + Level 4.6 Maces & Flails
 - Level 0.8 Throwing
 + Level 3.5 Armour
 - Level 1.7 Dodging
 + Level 4.3 Spellcasting
 + Level 5.1 Translocations


You had 8 spell levels left.
You knew the following spells:

 Your Spells              Type           Power      Damage    Failure   Level
c - Blink                 Tloc           24%        N/A       9%          2
A - Teleport Other        Tloc           12%        N/A       17%         3
Z - Lesser Beckoning      Tloc           24%        N/A       9%          2

Your spell library contained the following spells:

 Spells                   Type           Power      Damage    Failure   Level
 Necrotise                Necr           8%         1d4       43%         1
 Sandblast                Erth           4%         2d4       43%         1
 Summon Small Mammal      Summ           8%         N/A       43%         1
 Vhi's Electric Charge    Tloc/Air       14%        N/A       45%         3
 Manifold Assault         Tloc           12%        N/A       50%         4
 Passwall                 Tmut/Erth      1%         N/A       58%         2
 Call Canine Familiar     Summ           2%         N/A       82%         3
 Stone Arrow              Conj/Erth      4%         3d7       82%         3
 Summon Guardian Golem    Hex/Summ       2%         N/A       82%         3
 Vampiric Draining        Necr           2%         2d6       82%         3
 Agony                    Necr           2%         N/A       100%        5


Dungeon Overview and Level Annotations

Branches:
Dungeon (6/15) Zot: 26869  Temple (1/1) D:4 Zot: 5702

Altars:
Ashenzari
Cheibriados
Dithmenos
Fedhas
Gozag
Hepliaklqana
Kikubaaqudgha
Makhleb
Nemelex Xobeh
Okawaru
Qazlal
Ru
Trog
Uskayaw
Vehumet
Wu Jian
Xom
Yredelemnul

Shops:
D:1 (   D:4 !

Annotations:
D:2 Sigmund


Innate Abilities, Weirdness & Mutations

You are immune to poison.
You have sharp fingernails.
Your flesh is cold resistant. (rC+)
You are immune to negative energy. (rN+++)
You do not regenerate when monsters are visible.
You are immune to unholy pain and torment.
You thrive by killing the living.


Message History

The boomerang hits the ogre but does no damage.
Hit: a) +0 demon whip (venom)
Press: ? - help, Dir - move target, f/p - ogre
Aim: an ogre, wielding a +0 giant spiked club (about 28% to evade your +0 demon whip of venom)
You hit the ogre.
The ogre is lightly wounded.
The ogre completely misses you.
Unknown command.
Hit: a) +0 demon whip (venom)
Press: ? - help, Dir - move target, f/p - ogre
Aim: an ogre, wielding a +0 giant spiked club (lightly wounded, about 28% to evade your +0 demon whip of venom)
You barely miss the ogre.
The ogre is lightly wounded.
Unknown command.
Hit: a) +0 demon whip (venom)
Press: ? - help, Dir - move target, f/p - ogre
Aim: an ogre, wielding a +0 giant spiked club (lightly wounded, about 28% to evade your +0 demon whip of venom)
You closely miss the ogre.
The ogre is lightly wounded.
The ogre hits you with a +0 giant spiked club!!
Unknown command.
Hit: a) +0 demon whip (venom)
Press: ? - help, Dir - move target, f/p - ogre
Aim: an ogre, wielding a +0 giant spiked club (lightly wounded, about 28% to evade your +0 demon whip of venom)
You whack the ogre!
The ogre is poisoned.
The ogre is moderately wounded.
Unknown command.
Cast which spell? (? or * to list)
You miscast Blink.
You are very lightly contaminated with residual magic.
Nothing appears to happen.
The ogre hits you with a +0 giant spiked club!
* * * LOW HITPOINT WARNING * * *
Casting: Blink (safe; 9% risk of failure)
Confirm with . or Enter, or press ? or * to list all spells.
You blink.
You hit the ogre but do no damage.
The ogre looks as sick as possible!
The ogre is heavily wounded.
The ogre hits you with a +0 giant spiked club!!
You die...

#........# #.@......#
#### #.O......### #...
...#'#####.. #.##
.....#§..###.# #.##
.......###...#.# #.#.
....... ###...## ###.#.
......# ###..####..)..
...... ###....##.#...
..#.#..##.#... #+######
#.#.#......... ##......#
#.#.#.......##
........####'#.....#.....
.................).......
.....................#...
.........##..........#...
..#...#........#####.#...


You could see an ogre (extremely poisoned).

Vanquished Creatures
  An ice beast (D:5)
  2 ogres
  A phantom (D:3)
  5 orc priests
  4 hounds
  A sleepcap (D:4)
  An iguana (D:3)
  5 orc wizards
  7 adders
  2 shadow imps
  An ufetubus (D:4)
  A worm (D:3)
  2 dart slugs
  23 orcs
  8 ball pythons
  2 bats
  7 endoplasms
  2 giant cockroaches
  6 goblins
  9 hobgoblins
  2 jackals (D:4)
  10 kobolds
  4 quokkas
  5 frilled lizards
  7 rats
  A spectral hobgoblin (D:3)
119 creatures vanquished.

Vanquished Creatures (others)
  4 demonic plants (D:5)
4 creatures vanquished.

Grand Total: 123 creatures vanquished

Notes
Turn   | Place    | Note
-------+----------+-------------------------------------------
     0 | D:1      | FallingFreak the Ghoul Warper began the quest for the Orb.
     0 | D:1      | Reached XP level 1. HP: 17/17 MP: 2/2
   304 | D:1      | Reached XP level 2. HP: 23/24 MP: 4/4
   307 | D:1      | Learned a level 2 spell: Blink
   310 | D:1      | Learned a level 2 spell: Lesser Beckoning
   331 | D:1      | Found Vafrad's Weapon Boutique.
   550 | D:1      | Reached skill level 3 in Translocations
   828 | D:1      | Increase (s)trength, (i)ntelligence, or (d)exterity?
   828 | D:1      | Reached XP level 3. HP: 23/29 MP: 5/5
  1408 | D:2      | Noticed Sigmund
  2034 | D:2      | Reached XP level 4. HP: 36/36 MP: 6/6
  2441 | D:3      | Found a faded altar of an unknown god.
  2519 | D:3      | Learned a level 3 spell: Teleport Other
  3117 | D:2      | Reached XP level 5. HP: 39/41 MP: 8/8
  3532 | D:3      | Reached skill level 1 in Armour
  4084 | D:3      | Found a hazy altar of Hepliaklqana.
  4306 | D:4      | Identified an amulet of regeneration
  4335 | D:4      | Found a staircase to the Ecumenical Temple.
  4341 | Temple   | Entered the Ecumenical Temple
  4361 | Temple   | Became a worshipper of Makhleb the Destroyer
  4686 | D:4      | Reached XP level 6. HP: 40/48 MP: 9/9
  4722 | D:4      | Reached skill level 4 in Translocations
  4834 | D:4      | Found a sacrificial altar of Ru.
  5143 | D:4      | Found Yleczuc's Distillery.
  5569 | D:4      | Reached XP level 7. HP: 55/55 MP: 11/11
  6003 | D:4      | Found a snail-covered altar of Cheibriados.
  6176 | D:5      | Entered Level 5 of the Dungeon
  6179 | D:5      | Reached * piety under Makhleb
  6662 | D:5      | Reached skill level 5 in Translocations
  6662 | D:5      | Reached XP level 8. HP: 57/61 MP: 13/13
  6773 | D:5      | Found a basalt altar of Yredelemnul.
  6774 | D:5      | Found a sparkling altar of Nemelex Xobeh.
  7312 | D:6      | You miscast Blink.
  7314 | D:6      | Slain by an ogre

Illustrated notes

Levels and vault maps discovered:
D:1:      elethiomel_arrival_infinity_welcomes_careful_drivers, layout_basic,
          serial_shops, shop, minmay_tetromino_t2
D:2:      cheibrodos_helix_gallery, layout_basic, serial_rivers,
          chequers_serial_rivers_room_a, chequers_serial_rivers_large_b,
          chequers_serial_rivers_micro_a, chequers_serial_rivers_micro_b,
          chequers_serial_rivers_small_3, chequers_serial_rivers_large_a,
          basic_altar, uniq_sigmund
D:3:      layout_basic, nicolae_hepliaklqana_monster_ancestors,
          nicolae_ecumenical_pavilion, kennysheep_small_spiral
D:4:      minmay_polygon_palace, layout_basic, amcnicky_altar_gilded,
          kennysheep_mini, minmay_temple_entry_hall, serial_shops,
          nicolae_take_the_stairs
D:5:      layout_rooms, good_gods_temple_1, gammafunk_temple_overflow_statue,
          serial_demonic, serial_demonic_f, serial_demonic_g, serial_demonic_e,
          serial_demonic_g
D:6:      layout_basic, serial_shops, nicolae_shop_overgrown_old_shop,
          minmay_circle_x
Temple:   oiseaux_autumnal_temple

Skill      XL: |  1  2  3  4  5  6  7 |
---------------+----------------------+-----
Maces & Flails | 2 3 4 |  4.6
Spellcasting   | 2 3 4 |  4.3
Translocations | 3 4 5 |  5.1
Armour         | 1 2 3 |  3.5
Fighting       | |  2.1
Throwing       | |  0.8
Dodging        | |  1.7

Action                     |  1- 3 |  4- 6 |  7- 9 || total
---------------------------+-------+-------+-------++-------
  Melee: Mace              |   114 |       |       ||   114
         Whip              |    60 |    41 |     7 ||   108
         Dagger            |       |   205 |   129 ||   334
         Punch             |       |     2 |     2 ||     4
         Flail             |       |     4 |       ||     4
         Lajatang          |       |       |    12 ||    12
         Demon whip        |       |       |     5 ||     5
  Throw: Stone             |     1 |    18 |    11 ||    30
         Boomerang         |       |     6 |    13 ||    19
   Cast: Blink             |       |     1 |     1 ||     2
    Use: Scroll            |       |       |     5 ||     5
 Armour: Leather armour    |    60 |     6 |       ||    66
         Scale mail        |       |   111 |     3 ||   114
         Ring mail         |       |       |    64 ||    64
  Dodge: Dodged            |   112 |   103 |    73 ||   288

Table legend: (Time is in decaauts)
 A = Elapsed time spent in this place.
 B = Non-inter-level travel time spent in this place.
 C = Inter-level travel time spent in this place.
 D = Time resting spent in this place.
 E = Time spent auto-exploring this place.
 F = Levels seen in this place.
 G = Mean time per level.
                   A        B        C        D        E       F      G
               +--------+--------+--------+--------+--------+-----+--------+
         Total |   7425 |   6709 |    716 |   1132 |   3497 |   7 | 1060.7 |
       Dungeon |   7127 |   6445 |    682 |   1132 |   3254 |   6 | 1187.8 |
        Temple |    297 |    264 |     33 |      0 |    243 |   1 |  297.0 |
               +--------+--------+--------+--------+--------+-----+--------+

Top non-repeatable levels by time:
     D:4: 1818 daAuts
     D:1: 1596 daAuts
     D:2: 1468 daAuts
     D:3: 1318 daAuts
     D:5: 795 daAuts
  Temple: 297 daAuts
     D:6: 129 daAuts
